 Dungeon Crawl Stone Soup version 0.23.2 (webtiles) character file.

Game seed: 10095661436760706224

39539 eccles the Spear-Bearer (level 13, -5/119 HPs)
             Began as a Minotaur Fighter on Apr 2, 2019.
             Was the Champion of Okawaru.
             Splashed with acid (9 damage)
             ... on level 5 of the Lair of Beasts on Apr 10, 2019.
             The game lasted 01:46:52 (15571 turns).

eccles the Spear-Bearer (Minotaur Fighter)         Turns: 15571, Time: 01:46:52

Health: -5/119     AC: 19    Str: 27 (28) XL:     13   Next: 69%
Magic:  16/18      EV:  8    Int:  5      God:    Okawaru [******]
Gold:   616        SH: 22    Dex: 13      Spells: 17/20 levels left

rFire    . . .     SeeInvis +   y - +2 spear "Ciblym" {pierce, MR+ Str+2 SInv}
rCold    + . .     Gourm    .   b - +2 large shield {AC+3}
rNeg     . . .     Faith    .   n - +4 chain mail
rPois    +         Spirit   .   (helmet restricted)
rElec    .         Reflect  .   h - +0 cloak
rCorr    .         Harm     .   (no gloves)
MR       +....                  C - +2 pair of boots
Stlth    ..........             x - amulet of rage
HPRegen  0.29/turn              Y - +3 ring of dexterity
MPRegen  0.16/turn              v - ring of protection from cold

@: corroded
A: retaliatory headbutt, horns 2, deterioration 1, poison resistance, MP-powered
wands
a: Heroism, Finesse, Renounce Religion, Evoke Berserk Rage


You were on level 5 of the Lair of Beasts.
You worshipped Okawaru.
Okawaru was exalted by your worship.
You were not hungry.

You visited 3 branches of the dungeon, and saw 18 of its levels.

You collected 1139 gold pieces.
You spent 523 gold pieces at shops.

Inventory:

Hand Weapons
 y - the +2 spear "Ciblym" (weapon) {pierce, MR+ Str+2 SInv}
   (You found it on level 4 of the Dungeon)

   It inflicts extra damage upon your enemies.
   It affects your strength (+2).
   It affects your resistance to hostile enchantments.
   It lets you see invisible.
 F - a +5 spear of flaming
 I - a +4 broad axe of electrocution
 M - the +10 morningstar "Eos" {elec, Halo rElec}
   (You found it on level 8 of the Dungeon)

   Occasionally, upon striking a foe, it will discharge some electrical energy
   and cause terrible harm.
   It insulates you from electricity.
 S - a +4 glaive of chopping
 V - a +4 battleaxe
Missiles
 t - 12 tomahawks (quivered)
Armour
 b - a +2 large shield of protection (worn)
 c - a +0 shield
 h - a +0 cloak (worn)
 n - a +4 chain mail (worn)
 u - a +0 large shield
 w - a +0 plate armour
 C - a +2 pair of boots (worn)
Jewellery
 g - an uncursed ring of positive energy
 p - an uncursed ring of fire
 v - a ring of protection from cold (right hand)
 x - an amulet of rage (around neck)
 Y - a +3 ring of dexterity (left hand)
Wands
 a - a wand of enslavement (3)
 m - a wand of flame (7)
 s - a wand of iceblast (10)
 B - a wand of random effects (19)
 G - a wand of paralysis (3)
 J - a wand of polymorph (18)
 Q - a wand of scattershot (5)
 U - a wand of digging (1)
 W - a wand of clouds (5)
Scrolls
 e - 12 scrolls of remove curse
 i - 11 scrolls of teleportation
 j - 2 scrolls of silence
 q - 4 scrolls of enchant weapon
 r - 6 scrolls of immolation
 z - 4 scrolls of magic mapping
 A - a scroll of holy word
 E - 3 scrolls of amnesia
 L - 2 scrolls of vulnerability
 X - 2 scrolls of fog
Potions
 k - a potion of curing
 l - a potion of resistance
 o - a potion of cancellation
 D - 2 potions of flight
 H - a potion of invisibility {unknown}
 K - a potion of brilliance {unknown}
 N - 2 potions of magic
 O - a potion of heal wounds {unknown}
 P - a potion of agility {unknown}
 R - a potion of might
 T - 2 potions of haste
Comestibles
 f - 28 rations


   Skills:
 * Level 12.6 Fighting
 - Level 6.6(11.2) Axes
 + Level 0.1(4.0) Maces & Flails
 * Level 14.0(14.4) Polearms
 + Level 10.0 Armour
 + Level 4.0 Dodging
 + Level 1.6 Stealth
 + Level 13.4 Shields
 + Level 0.6 Unarmed Combat
 * Level 4.1 Spellcasting
 - Level 2.8 Conjurations
 * Level 4.4 Air Magic
 + Level 1.1 Evocations


You had 17 spell levels left.
You knew the following spells:

 Your Spells              Type           Power        Failure   Level  Hunger
a - Static Discharge      Conj/Air       #.......     99%         3    ####...

Your spell library contained the following spells:

 Spells                   Type           Power        Failure   Level  Hunger
 Poisonous Vapours        Pois/Air       #.....       99%         2    ###....
 Animate Skeleton         Necr           N/A          100%        1    ##.....
 Corona                   Hex            #......      100%        1    ##.....
 Pain                     Necr           #...         100%        1    ##.....
 Summon Small Mammal      Summ           #...         100%        1    ##.....
 Call Imp                 Summ           #.......     100%        2    ###....
 Ensorcelled Hibernation  Hex/Ice        #.....       100%        2    ###....
 Call Canine Familiar     Summ           #.......     100%        3    ####...
 Confuse                  Hex            #.......     100%        3    ####...
 Conjure Flame            Conj/Fire      #.......     100%        3    ####...
 Dazzling Spray           Conj/Hex       #.....       100%        3    ####...
 Mephitic Cloud           Conj/Pois/Air  #.......     100%        3    ####...
 Regeneration             Chrm/Necr      #.........   100%        3    ####...
 Summon Guardian Golem    Hex/Summ       #.......     100%        3    ####...
 Tukima's Dance           Hex            #.......     100%        3    ####...
 Vampiric Draining        Necr           #.........   100%        3    ####...
 Animate Dead             Necr           N/A          100%        4    #####..
 Summon Ice Beast         Ice/Summ       #.......     100%        4    #####..
 Summon Lightning Spire   Summ/Air       #.......     100%        4    #####..
 Bolt of Magma            Conj/Fire/Erth #.........   100%        5    ######.
 Irradiate                Conj/Tmut      #.........   100%        5    ######.
 Iskenderun's Battlesphe  Conj/Chrm      #.......     100%        5    ######.
 Lightning Bolt           Conj/Air       #.........   100%        5    ######.
 Venom Bolt               Conj/Pois      #.........   100%        5    ######.
 Freezing Cloud           Conj/Ice/Air   #.........   100%        6    #######
 Hydra Form               Tmut           #.........   100%        6    #######
 Iron Shot                Conj/Erth      #.........   100%        6    #######
 Statue Form              Tmut/Erth      #........    100%        6    #######
 Dragon Form              Tmut           #.........   100%        7    #######
 Orb of Destruction       Conj           #.........   100%        7    #######
 Ring of Flames           Chrm/Fire      #.........   100%        7    #######
 Spellforged Servitor     Conj/Summ      #.........   100%        7    #######
 Ignition                 Fire           #.........   100%        8    #######
 Shatter                  Erth           #.........   100%        9    #######
 Tornado                  Air            #.........   100%        9    #######


Dungeon Overview and Level Annotations

Branches:
Dungeon (12/15)            Temple (1/1) D:6            Lair (5/6) D:11
  Swamp (0/4) Lair:4        Snake (0/4) Lair:4        Slime (0/5) Lair:5
    Orc (0/2) D:12

Altars:
Cheibriados
Dithmenos
Elyvilon
Fedhas
Gozag
Hepliaklqana
Kikubaaqudgha
Makhleb
Okawaru
Trog
Vehumet
Wu Jian
Xom
Yredelemnul
The Shining One

Shops:
D:7 *   D:8 =   D:11 }*?:

Annotations:
D:10 2 runed translucent doors, bmj180's ghost, journeyman MiFi
Lair:5 exclusion: 4 oklob plants


Innate Abilities, Weirdness & Mutations

You reflexively headbutt those who attack you in melee.
You have a pair of horns on your head.
Your body sometimes deteriorates upon taking damage.
Your system is resistant to poisons. (rPois)
You expend magic power (3 MP) to strengthen your wands.


Message History

You puncture the oklob plant! You headbutt the oklob plant.
The oklob plant is moderately damaged.
You are splashed with acid.
You hit the oklob plant but do no damage.
The oklob plant is moderately damaged.
You are splashed with acid!
The oklob plant spits acid at you. The splash of acid hits you.
You are splashed with acid!!
* * * LOW HITPOINT WARNING * * *
You hit the oklob plant but do no damage.
The oklob plant is moderately damaged.
You are splashed with acid!
* * * LOW HITPOINT WARNING * * *
The oklob plant spits acid at you. The splash of acid hits you!
* * * LOW HITPOINT WARNING * * *
You are splashed with acid!
* * * LOW HITPOINT WARNING * * *
You are splashed with acid!
You die...

######### ###.......## ##
## ##...†.......#.##.#
#....##......P...#
#....####.....P..#
#.....## #.PP>..#
##.....### ##...#
#########
##......###@####
#.PP#P..# #.#.....##.##
##..P....# ####........#
###........#
#..#....####.#........# #
###...................###
##P......P##P.......'.†
#.......####.......###
##.....## #........#
#......# #.......P#


You could see 3 oklob plants.

Vanquished Creatures
  The ghost of Rwicked the Thaumaturge, a journeyman GnWn of Okawaru (Lair:3)
  2 hydras
  A centaur warrior (D:8)
  7 death yaks
  An unseen horror (D:10)
  Pikel (D:8)
  4 lindwurms (Lair:2)
  2 ugly things
  A cyclops (D:12)
  A manticore (D:8)
  An oklob plant (Lair:1)
  3 slime creatures (D:12)
  10 elephants
  A black mamba (Lair:5)
  A gargoyle (D:11)
  8 spiny frogs
  A torpor snail (Lair:3)
  3 komodo dragons
  7 hippogriffs
  9 blink frogs
  2 dream sheep (D:8)
  5 water elementals (D:12)
  36 yaks
  A wyvern (D:11)
  A basilisk (Lair:2)
  A hungry ghost (D:9)
  A wraith (D:10)
  2 nagas (Lair:4)
  A soldier ant (D:8)
  4 water moccasins
  8 porcupines
  4 orc warriors
  2 ice beasts (D:5)
  A slave (D:8)
  3 phantoms
  An eye of draining (D:11)
  3 black bears
  A necrophage (D:5)
  2 sky beasts
  6 ogres
  7 centaurs
  8 crocodiles
  5 big kobolds
  18 bullfrogs
  A gnoll sergeant (D:6)
  A wyvern skeleton (D:12)
  5 scorpions
  7 killer bees
  3 howler monkeys (D:8)
  5 wights
  3 electric eels (D:12)
  2 crimson imps
  2 bullfrog zombies
  2 centaur zombies
  2 hounds (D:8)
  4 jellies
  A bullfrog skeleton (D:5)
  9 orc priests
  3 centaur skeletons
  Terence (D:2)
  4 iguanas
  Natasha (thrice) (D:4)
  8 orc wizards
  5 hell rats (Lair:4)
  14 worker ants
  A killer bee zombie (D:7)
  A hound zombie (D:8)
  A hound skeleton (D:8)
  2 howler monkey skeletons
  A worker ant zombie (D:7)
  9 gnolls
  11 adders
  2 shadow imps
  An ooze (D:3)
  3 adder zombies
  A worm (D:3)
  3 dart slugs
  2 leopard geckos
  26 orcs
  9 giant cockroaches
  19 goblins
  5 hobgoblins
  13 jackals
  22 kobolds
  6 quokkas
  11 bats
  4 frilled lizards
  A leopard gecko zombie (D:6)
  A quokka zombie (D:7)
  10 rats
438 creatures vanquished.

Vanquished Creatures (others)
  A bullfrog (Lair:4)
  15 fungi
  9 plants
25 creatures vanquished.

Grand Total: 463 creatures vanquished

Notes
Turn   | Place    | Note
-------+----------+-------------------------------------------
     0 | D:1      | eccles the Minotaur Fighter began the quest for the Orb.
     0 | D:1      | Reached XP level 1. HP: 19/19 MP: 0/0
    68 | D:1      | Reached XP level 2. HP: 22/27 MP: 1/1
   615 | D:1      | Reached XP level 3. HP: 33/33 MP: 2/2
   993 | D:2      | Noticed an ogre
  1001 | D:2      | Killed an ogre
  1001 | D:2      | Reached XP level 4. HP: 39/41 MP: 3/3
  1106 | D:2      | Reached XP level 5. HP: 44/47 MP: 4/4
  1199 | D:3      | Reached skill level 1 in Dodging
  1480 | D:2      | Noticed Terence
  1485 | D:2      | Killed Terence
  1992 | D:3      | Reached skill level 5 in Axes
  2378 | D:4      | Reached skill level 5 in Shields
  2486 | D:4      | Reached XP level 6. HP: 54/55 MP: 5/5
  2499 | D:4      | Noticed Natasha
  2507 | D:4      | Killed Natasha
  2655 | D:4      | Noticed Natasha
  2670 | D:4      | Killed Natasha
  2972 | D:4      | Noticed Natasha
  2980 | D:4      | Killed Natasha
  2980 | D:4      | Reached skill level 5 in Fighting
  3014 | D:4      | Got a translucent spear
  3039 | D:4      | Identified the +2 spear "Ciblym" {pierce, MR+ Str+2 SInv}
                  | (You found it on level 4 of the Dungeon)
  3086 | D:4      | Reached XP level 7. HP: 57/61 MP: 6/6
  3093 | D:5      | Entered Level 5 of the Dungeon
  3112 | D:5      | Reached skill level 1 in Polearms
  3239 | D:5      | Reached skill level 2 in Polearms
  3344 | D:5      | Reached skill level 3 in Polearms
  3502 | D:5      | Reached skill level 4 in Polearms
  3595 | D:5      | Reached XP level 8. HP: 70/70 MP: 7/7
  3839 | D:6      | Reached skill level 5 in Polearms
  3911 | D:6      | Reached skill level 5 in Armour
  4020 | D:6      | Reached skill level 6 in Polearms
  4229 | D:6      | Found a staircase to the Ecumenical Temple.
  4242 | Temple   | Entered the Ecumenical Temple
  4289 | Temple   | Became a worshipper of Warmaster Okawaru
  4453 | D:6      | Found a shadowy altar of Dithmenos.
  4598 | D:7      | Reached skill level 7 in Polearms
  4837 | D:7      | Reached XP level 9. HP: 76/79 MP: 8/8
  4859 | D:7      | Reached * piety under Okawaru
  5082 | D:7      | Found Acwoyre's Assorted Antiques.
  5091 | D:7      | Bought a scroll of magic mapping for 115 gold pieces
  5091 | D:7      | Bought a scroll of identify for 66 gold pieces
  5296 | D:8      | Reached skill level 8 in Polearms
  5381 | D:8      | Learned a level 3 spell: Static Discharge
  5409 | D:8      | Reached skill level 9 in Polearms
  5420 | D:8      | Noticed a centaur warrior
  5431 | D:8      | Reached ** piety under Okawaru
  5438 | D:8      | Killed a centaur warrior
  5438 | D:8      | Reached skill level 10 in Polearms
  5438 | D:8      | Reached skill level 1 in Conjurations
  5469 | D:8      | Reached XP level 10. HP: 26/88 MP: 9/9
  5595 | D:8      | Noticed Pikel
  5618 | D:8      | Killed Pikel
  5618 | D:8      | Reached *** piety under Okawaru
  5830 | D:8      | Found a burning altar of Makhleb.
  5832 | D:8      | Found an ornate altar of the Wu Jian Council.
  5839 | D:8      | Found a basalt altar of Yredelemnul.
  5840 | D:8      | Found a shimmering altar of Xom.
  5840 | D:8      | Found a hazy altar of Hepliaklqana.
  5842 | D:8      | Found an opulent altar of Gozag.
  5842 | D:8      | Found a white marble altar of Elyvilon.
  5844 | D:8      | Found a radiant altar of Vehumet.
  5845 | D:8      | Found a bloodstained altar of Trog.
  5881 | D:8      | Found Qegux Ysitt's Jewellery Boutique.
  6057 | D:8      | Noticed a white ugly thing
  6057 | D:8      | Noticed a manticore
  6059 | D:8      | Found the +10 morningstar "Eos" {elec, Halo rElec}
  6073 | D:8      | Killed a white ugly thing
  6086 | D:8      | Killed a manticore
  6086 | D:8      | Reached skill level 11 in Polearms
  6498 | D:8      | Noticed a two-headed hydra
  6508 | D:8      | Killed a two-headed hydra
  6508 | D:8      | Reached **** piety under Okawaru
  6690 | D:9      | Reached skill level 12 in Polearms
  6694 | D:9      | Reached skill level 10 in Shields
  6700 | D:9      | Reached XP level 11. HP: 29/97 MP: 10/10
  6721 | D:8      | Reached ***** piety under Okawaru
  7673 | D:10     | Entered Level 10 of the Dungeon
  8056 | D:10     | Noticed an unseen horror
  8064 | D:10     | Killed an unseen horror
  8108 | D:10     | Received a gift from Okawaru
  8271 | D:10     | Found a snail-covered altar of Cheibriados.
  8403 | D:11     | Found Zekhlodo's General Store.
  8403 | D:11     | Found Zoulozum's Book Emporium.
  8424 | D:11     | Found Yweducue's Gadget Emporium.
  8428 | D:11     | Found Efot's Magic Scroll Emporium.
  8430 | D:11     | Bought a scroll of identify for 28 gold pieces
  8440 | D:11     | Bought a scroll of identify for 26 gold pieces
  8600 | D:11     | Reached skill level 10 in Fighting
  8707 | D:11     | Reached skill level 1 in Spellcasting
  8803 | D:11     | Reached skill level 1 in Air Magic
  8922 | D:11     | Found a staircase to the Lair.
  8989 | D:11     | Bought a wand of digging (5) for 288 gold pieces
  9062 | D:10     | Found a large runed translucent door.
  9062 | D:10     | Found a large runed translucent door.
  9065 | D:10     | Noticed bmj180's ghost (journeyman MiFi)
  9789 | D:12     | Noticed a purple ugly thing
  9801 | D:12     | Killed a purple ugly thing
  9801 | D:12     | Received a gift from Okawaru
  9848 | D:12     | Found a staircase to the Orcish Mines.
  9898 | D:12     | Reached XP level 12. HP: 39/108 MP: 14/14
 10686 | D:12     | Reached skill level 13 in Polearms
 10945 | D:12     | Reached skill level 1 in Stealth
 11493 | Lair:1   | Entered Level 1 of the Lair of Beasts
 11899 | Lair:1   | Found a bloodstained altar of Trog.
 11914 | Lair:1   | Received a gift from Okawaru
 12076 | Lair:2   | Noticed a five-headed hydra
 12086 | Lair:2   | Killed a five-headed hydra
 12086 | Lair:2   | Reached skill level 1 in Evocations
 13086 | Lair:3   | Gained mutation: You are surrounded by a mild repulsion
                  | field. (EV +2) [potion of mutation]
 13086 | Lair:3   | Gained mutation: You are dopey. (Int -2) [potion of
                  | mutation]
 13086 | Lair:3   | Gained mutation: You are resistant to hostile enchantments.
                  | (MR+) [potion of mutation]
 13087 | Lair:3   | Lost mutation: You are surrounded by a mild repulsion
                  | field. (EV +2) [potion of mutation]
 13087 | Lair:3   | Lost mutation: You are dopey. (Int -2) [potion of mutation]
 13087 | Lair:3   | Lost mutation: You are resistant to hostile enchantments.
                  | (MR+) [potion of mutation]
 13087 | Lair:3   | Gained mutation: You occasionally shout uncontrollably at
                  | your foes. [potion of mutation]
 13087 | Lair:3   | Gained mutation: Your movements are slightly less
                  | encumbered by armour. (ER -2) [potion of mutation]
 13111 | Lair:3   | Lost mutation: Your movements are slightly less encumbered
                  | by armour. (ER -2) [potion of mutation]
 13111 | Lair:3   | Lost mutation: You occasionally shout uncontrollably at
                  | your foes. [potion of mutation]
 13111 | Lair:3   | Gained mutation: Your system is resistant to poisons.
                  | (rPois) [potion of mutation]
 13111 | Lair:3   | Gained mutation: Your body sometimes deteriorates upon
                  | taking damage. [potion of mutation]
 13111 | Lair:3   | Gained mutation: You expend magic power (3 MP) to
                  | strengthen your wands. [potion of mutation]
 13248 | Lair:3   | Noticed a death yak
 13258 | Lair:3   | Noticed a death yak
 13281 | Lair:3   | Killed a death yak
 13294 | Lair:3   | Reached XP level 13. HP: 107/117 MP: 16/16
 13576 | Lair:3   | Reached ****** piety under Okawaru
 13734 | Lair:3   | Found a runed translucent door.
 13736 | Lair:3   | Noticed Rwicked's ghost (journeyman GnWn)
 13757 | Lair:3   | Killed Rwicked's ghost
 13926 | Lair:4   | Found a staircase to the Swamp.
 14145 | Lair:4   | Received a gift from Okawaru
 14644 | Lair:4   | Found a staircase to the Snake Pit.
 15428 | Lair:5   | Reached skill level 14 in Polearms
 15436 | Lair:5   | Reached skill level 10 in Armour
 15563 | Lair:5   | Found a staircase to the Slime Pits.
 15570 | Lair:5   | HP: 4/119 [acid (11)]
 15571 | Lair:5   | Splashed with acid

Skill      XL: |  1  2  3  4  5  6  7  8  9 10 11 12 13 |
---------------+----------------------------------------+-----
Shields        | 4 5 6 7 8 10 11 12 13 | 13.4
Fighting       | 4 5 6 7 8 9 10 11 12 | 12.6
Axes           | 4 5 6 |  6.6
Armour         | 4 5 6 7 9 10 | 10.0
Dodging        | 1 2 3 4 |  4.0
Polearms       | 4 7 10 12 13 14 | 14.0
Conjurations   | 1 2 |  2.8
Spellcasting   | 2 3 4 |  4.1
Air Magic      | 1 3 4 |  4.4
Stealth        | 1 |  1.6
Evocations     | 1 |  1.1
Maces & Flails | |  0.1
Unarmed Combat | |  0.6

Action                   |  1- 3 |  4- 6 |  7- 9 | 10-12 | 13-15 || total
-------------------------+-------+-------+-------+-------+-------++-------
Melee: War axe           |    60 |   180 |       |       |       ||   240
       Headbutt          |     9 |    14 |    71 |   261 |   144 ||   499
       Spear             |       |    10 |   337 |   953 |   423 ||  1723
       Unarmed           |       |     7 |       |       |       ||     7
       Morningstar       |       |       |       |     5 |       ||     5
       Glaive            |       |       |       |     1 |       ||     1
Evoke: Wand              |       |       |     3 |    11 |     4 ||    18
  Use: Scroll            |     2 |       |     8 |    11 |     3 ||    24
       Potion            |       |       |     1 |     7 |     3 ||    11
 Stab: Confused          |       |       |       |     2 |       ||     2
  Eat: Chunk             |       |     7 |     8 |     9 |     6 ||    30
       Ration            |       |       |       |     5 |     1 ||     6
Armor: Scale mail        |    27 |    30 |       |       |       ||    57
       Chain mail        |       |    58 |   141 |   221 |    87 ||   507
Dodge: Dodged            |    21 |    59 |    48 |    96 |    39 ||   263
Block: Shield            |    36 |   109 |    98 |    38 |       ||   281
       Large shield      |       |       |    92 |   461 |   286 ||   839
